Rangers vs Golden Knights
Created - February 16, 2024 at 19:23
Goals
|
| Rangers |
0 |
0 |
1 |
1 |
| Golden Knights |
1 |
0 |
2 |
3 |
|
Shots
|
| Rangers |
12 |
7 |
5 |
24 |
| Golden Knights |
6 |
5 |
13 |
24 |
|
1st period
1. Golden Knights , Ryan Nugent-Hopkins 13 (Andrew Cogliano 9) at 12:27
Penalties :
Andrew Cogliano (Veg) for Slashing (Minor) at 0:43, Sean Couturier (NyR) for Tripping (Minor) at 8:37, Jamie Oleksiak (Veg) for Hooking (Minor) at 14:02
2nd period
No Goal
Penalties :
Brady Skjei (Veg) for Diving (Minor) at 2:00, Andrei Loktionov (Veg) for Tripping (Minor) at 14:11, Cal Clutterbuck (Veg) for Hooking (Minor) at 19:39
3rd period
2. Golden Knights , Andrei Loktionov 22 (Marcus Johansson 21, Brendan Gallagher 33) at 8:01 (PP)
3. Golden Knights , Frederick Gaudreau 5 (Anton Lindholm 7, JT Compher 6) at 11:56
4. Rangers , Dmitry Kulikov 2 (Tomas Hertl 23, Oliver Bjorkstrand 3) at 15:25
Penalties :
Jake McCabe (NyR) for Hooking (Minor) at 7:49
Goalie Stats
Samuel Montembeault (NyR), 21 saves from 24 shots - (0.875), L, 13-13-3, 60:00 minutes
Laurent Brossoit (Veg), 23 saves from 24 shots - (0.958), W, 5-5-0, 60:00 minutes
Players Stats for Rangers
Player Name G A P +/- PIM S H SB GA TA FO MP PP MP PK MP
------------------------------------------------------------------------------------
Cale Makar 0 0 0 -2 0 4 0 2 2 3 0/0 25:13 5:22 0:55
Chris Mcallister 0 0 0 0 0 3 0 0 0 1 1/1 11:57 0:49 0:43
Devante Smith-Pelly 0 0 0 0 0 2 0 1 0 0 1/2 15:56 4:31 0:00
Dmitry Kulikov 1 0 1 1 0 2 0 2 0 0 0/0 18:24 1:02 1:16
Henrik Samuelsson 0 0 0 0 0 0 0 0 0 0 0/0 6:36 0:28 0:44
Jake McCabe 0 0 0 -2 2 1 2 3 1 2 0/0 23:21 3:06 1:04
Mikhail Sergachev 0 0 0 0 0 0 1 0 0 0 0/0 12:37 0:00 0:00
Milan Lucic 0 0 0 -1 0 3 1 0 3 1 0/0 20:31 4:24 1:28
Oliver Bjorkstrand 0 1 1 0 0 0 0 2 1 0 0/0 13:41 0:49 0:00
Ondrej Palat 0 0 0 0 0 0 2 0 0 1 0/0 17:27 4:31 0:00
Patrik Nemeth 0 0 0 1 0 0 0 1 0 1 0/0 17:40 0:36 1:07
Richard Panik 0 0 0 -1 0 0 1 0 0 0 1/2 13:01 0:42 0:00
Ryan Strome 0 0 0 0 0 2 0 2 0 1 4/5 21:50 4:24 0:59
Samuel Blais 0 0 0 0 0 2 3 0 0 0 0/0 15:42 6:04 0:00
Sean Couturier 0 0 0 0 2 3 3 0 0 0 13/23 20:04 4:24 0:12
Seth Griffith 0 0 0 -1 0 1 2 0 0 0 1/3 9:32 0:00 0:07
Tomas Hertl 0 1 1 0 0 0 1 0 0 0 5/8 17:32 4:32 0:09
Vince Dunn 0 0 0 0 0 1 1 2 1 0 0/0 16:43 3:51 0:00
Players Stats for Golden Knights
Player Name G A P +/- PIM S H SB GA TA FO MP PP MP PK MP
------------------------------------------------------------------------------------
Andrei Loktionov 1 0 1 -1 2 1 2 0 0 0 10/23 23:56 1:24 3:18
Andrew Cogliano 0 1 1 1 2 1 1 0 0 0 0/0 16:33 0:47 2:02
Anton Lindholm 0 1 1 1 0 0 0 0 1 0 0/0 12:12 0:00 1:32
Brady Skjei 0 0 0 -1 2 0 2 4 1 3 0/0 26:02 1:12 4:47
Brandon Dubinsky 0 0 0 0 0 1 1 1 0 0 3/8 13:50 0:00 1:35
Brendan Gallagher 0 1 1 0 0 2 2 0 1 1 0/0 20:10 1:24 4:15
Cal Clutterbuck 0 0 0 1 2 0 1 0 0 0 0/0 16:52 0:47 2:11
Christopher Tanev 0 0 0 1 0 1 0 1 1 1 0/0 11:06 0:00 0:26
Frederick Gaudreau 1 0 1 0 0 1 0 2 1 0 2/2 6:53 0:00 0:00
Gabriel Bourque 0 0 0 0 0 2 0 1 0 0 0/0 12:58 0:00 0:31
Jamie Oleksiak 0 0 0 1 2 0 1 2 0 0 0/0 21:56 0:59 3:36
Jonathan Marchessault 0 0 0 1 0 0 0 0 0 0 0/0 3:46 0:00 0:13
JT Compher 0 1 1 0 0 2 1 0 0 0 0/0 6:53 0:00 0:00
Marcus Johansson 0 1 1 0 0 3 1 0 2 0 0/1 16:02 1:24 0:00
Olli Maatta 0 0 0 1 0 0 4 2 2 1 0/0 22:40 0:59 4:27
Ryan Nugent-Hopkins 1 0 1 1 0 4 1 0 0 1 3/9 17:13 0:47 2:51
Zach Bogosian 0 0 0 -1 0 5 3 1 0 0 0/0 26:14 1:12 5:02
Zach Hyman 0 0 0 0 0 1 3 0 1 1 0/1 14:44 0:00 2:54
3 Stars
1 - Laurent Brossoit (Veg)
2 - Ryan Nugent-Hopkins (Veg)
3 - Frederick Gaudreau (Veg)
Power Play
Rangers - 0 on 5 Attempt(s) - 0.00%
Golden Knights - 1 on 2 Attempt(s) - 50.00%
Penalty Kill
Rangers - 1 on 2 Attempt(s) - 50.00%
- Score 0 goal in Penalty Kill
Golden Knights - 5 on 5 Attempt(s) - 100.00%
- Score 0 goal in Penalty Kill
Team Stat
Rangers - Hits : 17 - Faceoff Wins : 26 - Blocked Shots : 15 - Penalty Minutes : 4
Golden Knights - Hits : 23 - Faceoff Wins : 18 - Blocked Shots : 14 - Penalty Minutes : 10
Official
Referees : Steve Kozari and Dan O'Rourke
Linesman : Bevan Mills and Tyson Baker
Game Notes
Henrik Samuelsson is injured at 12:36 of 2nd period (Bruised Right Arm)
Finance
Level 1 -- Attendance: 6000 (100.00%) -- Ticket Income $600,000
Level 2 -- Attendance: 5000 (100.00%) -- Ticket Income $300,000
Level 3 -- Attendance: 1801 (90.05%) -- Ticket Income $63,035
Level 4 -- Attendance: 3751 (93.78%) -- Ticket Income $93,775
Luxury Box -- Attendance: 898 (89.80%) -- Ticket Income $179,600
Game was played at the T-Mobile Arena.
Total Attendance: 17450 (96.94%)
Total Ticket Income: $1,236,410
Other Income: $185,462
Total Income: $1,421,872
Rangers
5 vs 5 Forward
Center Left Wing Right Wing Time % Phy DF OF
1 Sean Couturier Milan Lucic Ryan Strome 40 1 2 2
2 Tomas Hertl Ondrej Palat Oliver Bjorkstrand 30 1 2 2
3 Henrik Samuelsson Samuel Blais Devante Smith-Pelly 20 1 2 2
4 Seth Griffith Chris Mcallister Richard Panik 10 1 2 2
5 vs 5 Defense
Defense Defense Time % Phy DF OF
1 Cale Makar Jake McCabe 40 1 2 2
2 Dmitry Kulikov Patrik Nemeth 30 1 2 2
3 Vince Dunn Mikhail Sergachev 20 1 2 2
4 Vince Dunn Mikhail Sergachev 10 1 2 2
PowerPlay Forward
Center Left Wing Right Wing Time % Phy DF OF
1 Sean Couturier Milan Lucic Ryan Strome 60 1 2 2
2 Tomas Hertl Ondrej Palat Devante Smith-Pelly 40 1 2 2
PowerPlay Defense
Defense Defense Time % Phy DF OF
1 Cale Makar Samuel Blais 60 1 2 2
2 Jake McCabe Vince Dunn 40 1 2 2
Penalty Kill 4 Players Forward
Center Wing Time % Phy DF OF
1 Sean Couturier Milan Lucic 60 1 2 2
2 Tomas Hertl Chris Mcallister 40 1 2 2
Penalty Kill 4 Players Defense
Defense Defense Time % Phy DF OF
1 Jake McCabe Dmitry Kulikov 60 1 2 2
2 Cale Makar Patrik Nemeth 40 1 2 2
Penalty Kill - 3 Players Forward
Forward Time % Phy DF OF
1 Sean Couturier 60 1 2 2
2 Chris Mcallister 40 1 2 2
Penalty Kill - 3 Players Defense
Defense Defense Time % Phy DF OF
1 Jake McCabe Dmitry Kulikov 60 1 2 2
2 Cale Makar Patrik Nemeth 40 1 2 2
4 vs 4 Forward
Center Wing Time % Phy DF OF
1 Sean Couturier Milan Lucic 60 1 2 2
2 Tomas Hertl Samuel Blais 40 1 2 2
4 vs 4 Defense
Defense Defense Time % Phy DF OF
1 Jake McCabe Dmitry Kulikov 60 1 2 2
2 Cale Makar Mikhail Sergachev 40 1 2 2
Last Minutes Offensive
Center Left Wing Right Wing Defense Defense
Sean Couturier Milan Lucic Devante Smith-Pelly Jake McCabe Dmitry Kulikov
Last Minutes Defensive
Center Left Wing Right Wing Defense Defense
Sean Couturier Milan Lucic Devante Smith-Pelly Jake McCabe Dmitry Kulikov
Goaltenders
Starting : Samuel Montembeault
Backup : Frederik Andersen
Extra Forwards
Normal : Ryan Strome, Richard Panik, Ondrej Palat - PP : Ryan Strome, Richard Panik - PK : Ryan Strome
Extra Defensemen
Normal : Patrik Nemeth, Vince Dunn, Mikhail Sergachev - PP : Patrik Nemeth - PK : Patrik Nemeth, Vince Dunn
Penalty Shots
Milan Lucic, Sean Couturier, Tomas Hertl, Devante Smith-Pelly, Ryan Strome
Custom OT Lines Forwards
Milan Lucic, Sean Couturier, Tomas Hertl, Devante Smith-Pelly, Ryan Strome, Richard Panik, Ondrej Palat, Oliver Bjorkstrand, Chris Mcallister, Samuel Blais
Custom OT Lines Defensemen
Jake McCabe, Dmitry Kulikov, Cale Makar, Patrik Nemeth, Vince Dunn
Scratches
Magnus Paajarvi (Healthy), T.J Galiardi (Healthy)
Golden Knights
5 vs 5 Forward
Center Left Wing Right Wing Time % Phy DF OF
1 Andrei Loktionov Marcus Johansson Brendan Gallagher 40 1 2 2
2 Ryan Nugent-Hopkins Andrew Cogliano Cal Clutterbuck 30 1 2 2
3 Brandon Dubinsky Gabriel Bourque Zach Hyman 20 1 2 2
4 Frederick Gaudreau Andrei Loktionov JT Compher 10 1 2 2
5 vs 5 Defense
Defense Defense Time % Phy DF OF
1 Zach Bogosian Brady Skjei 40 1 2 2
2 Olli Maatta Jamie Oleksiak 30 1 2 2
3 Christopher Tanev Anton Lindholm 20 1 2 2
4 Zach Bogosian Brady Skjei 10 1 2 2
PowerPlay Forward
Center Left Wing Right Wing Time % Phy DF OF
1 Andrei Loktionov Marcus Johansson Brendan Gallagher 60 1 2 2
2 Ryan Nugent-Hopkins Andrew Cogliano Cal Clutterbuck 40 1 2 2
PowerPlay Defense
Defense Defense Time % Phy DF OF
1 Zach Bogosian Brady Skjei 60 1 2 2
2 Olli Maatta Jamie Oleksiak 40 1 2 2
Penalty Kill 4 Players Forward
Center Wing Time % Phy DF OF
1 Andrei Loktionov Brendan Gallagher 60 1 2 2
2 Ryan Nugent-Hopkins Cal Clutterbuck 40 1 2 2
Penalty Kill 4 Players Defense
Defense Defense Time % Phy DF OF
1 Zach Bogosian Brady Skjei 60 1 2 2
2 Olli Maatta Jamie Oleksiak 40 1 2 2
Penalty Kill - 3 Players Forward
Forward Time % Phy DF OF
1 Andrei Loktionov 60 1 2 2
2 Brendan Gallagher 40 1 2 2
Penalty Kill - 3 Players Defense
Defense Defense Time % Phy DF OF
1 Zach Bogosian Brady Skjei 60 1 2 2
2 Olli Maatta Jamie Oleksiak 40 1 2 2
4 vs 4 Forward
Center Wing Time % Phy DF OF
1 Andrei Loktionov Brendan Gallagher 60 1 2 2
2 Ryan Nugent-Hopkins Cal Clutterbuck 40 1 2 2
4 vs 4 Defense
Defense Defense Time % Phy DF OF
1 Zach Bogosian Brady Skjei 60 1 2 2
2 Olli Maatta Jamie Oleksiak 40 1 2 2
Last Minutes Offensive
Center Left Wing Right Wing Defense Defense
Andrei Loktionov Marcus Johansson Brendan Gallagher Zach Bogosian Brady Skjei
Last Minutes Defensive
Center Left Wing Right Wing Defense Defense
Andrei Loktionov Marcus Johansson Brendan Gallagher Zach Bogosian Brady Skjei
Goaltenders
Starting : Laurent Brossoit
Backup : Cam Ward
Extra Forwards
Normal : Jonathan Marchessault, Brandon Dubinsky, Zach Hyman - PP : Jonathan Marchessault, Brandon Dubinsky - PK : Zach Hyman
Extra Defensemen
Normal : Christopher Tanev, Anton Lindholm, Olli Maatta - PP : Christopher Tanev - PK : Anton Lindholm, Olli Maatta
Penalty Shots
Andrei Loktionov, Brendan Gallagher, Ryan Nugent-Hopkins, Cal Clutterbuck, Marcus Johansson
Custom OT Lines Forwards
Andrei Loktionov, Brendan Gallagher, Ryan Nugent-Hopkins, Cal Clutterbuck, Marcus Johansson, Brandon Dubinsky, Andrew Cogliano, Zach Hyman, Gabriel Bourque, JT Compher
Custom OT Lines Defensemen
Zach Bogosian, Brady Skjei, Olli Maatta, Jamie Oleksiak, Christopher Tanev
Scratches
Eric Robinson (Healthy)
% Time on Ice - Rangers
Lines # - Real PCT - Wanted PCT - Time Play
Normal Forward
1 - 32% - 40% - 15:23
2 - 29% - 30% - 13:58
3 - 20% - 20% - 9:46
4 - 18% - 10% - 8:47
Normal Defense
1 - 40% - 40% - 19:05
2 - 34% - 30% - 16:12
3 - 20% - 20% - 9:27
4 - 7% - 10% - 3:10
PP Forward
1 - 47% - 60% - 4:41
2 - 53% - 40% - 5:14
PP Defense
1 - 61% - 60% - 6:04
2 - 39% - 40% - 3:51
PK Forward
1 - 93% - 60% - 2:02
2 - 7% - 40% - 0:09
PK Defense
1 - 58% - 60% - 1:16
2 - 42% - 40% - 0:55
PK3 Forward
1 - 0% - 60%
2 - 0% - 40%
PK3 Defense
1 - 0% - 60%
2 - 0% - 40%
44 Forward
1 - 0% - 60%
2 - 0% - 40%
44 Defense
1 - 0% - 60%
2 - 0% - 40%
Last Minute Offensive - 0:00
Last Minute Defensive - 0:00
Total
Forward - 60:00
Defense - 60:00
|
% Time on Ice - Golden Knights
Lines # - Real PCT - Wanted PCT - Time Play
Normal Forward
1 - 33% - 40% - 15:43
2 - 28% - 30% - 13:35
3 - 24% - 20% - 11:43
4 - 14% - 10% - 6:53
Normal Defense
1 - 40% - 40% - 19:09
2 - 36% - 30% - 17:14
3 - 22% - 20% - 10:36
4 - 2% - 10% - 0:55
PP Forward
1 - 64% - 60% - 1:24
2 - 36% - 40% - 0:47
PP Defense
1 - 55% - 60% - 1:12
2 - 45% - 40% - 0:59
PK Forward
1 - 70% - 60% - 6:56
2 - 30% - 40% - 2:59
PK Defense
1 - 55% - 60% - 5:28
2 - 45% - 40% - 4:27
PK3 Forward
1 - 0% - 60%
2 - 0% - 40%
PK3 Defense
1 - 0% - 60%
2 - 0% - 40%
44 Forward
1 - 0% - 60%
2 - 0% - 40%
44 Defense
1 - 0% - 60%
2 - 0% - 40%
Last Minute Offensive - 0:00
Last Minute Defensive - 0:00
Total
Forward - 60:00
Defense - 60:00
|
Play-by-Play
1st period
0:01 of 1st period - Sean Couturier wins face-off versus Andrei Loktionov in neutral zone.
0:06 of 1st period - Snap shot by Milan Lucic.
0:06 of 1st period - Stopped by Laurent Brossoit with a rebound.
0:08 of 1st period - Wrist shot by Sean Couturier.
0:08 of 1st period - Stopped by Laurent Brossoit with a rebound.
0:16 of 1st period - Slapshot by Cale Makar.
0:16 of 1st period - Stopped by Laurent Brossoit with a rebound.
0:26 of 1st period - Jake McCabe is hit by Zach Bogosian and loses puck.
0:43 of 1st period - Minor Penalty to Andrew Cogliano for Slashing.
0:44 of 1st period - Sean Couturier wins face-off versus Andrei Loktionov in Golden Knights zone.
0:59 of 1st period - Snap shot by Sean Couturier.
0:59 of 1st period - Shot Blocked by Olli Maatta.
1:01 of 1st period - Wrist shot by Ryan Strome.
1:01 of 1st period - Shot Blocked by Olli Maatta.
2:43 of 1st period - Penalty to Andrew Cogliano is over, Andrew Cogliano is back on ice.
3:18 of 1st period - Slapshot by Ryan Nugent-Hopkins.
3:18 of 1st period - Stopped by Samuel Montembeault without a rebound.
3:19 of 1st period - Tomas Hertl wins face-off versus Brandon Dubinsky in Rangers zone.
3:19 of 1st period - Tomas Hertl is hit by Zach Hyman.
4:00 of 1st period - Snap shot by Samuel Blais.
4:00 of 1st period - Shot Blocked by Frederick Gaudreau.
4:02 of 1st period - Snap shot by Patrik Nemeth.
4:02 of 1st period - Shot Blocked by Frederick Gaudreau.
4:12 of 1st period - Christopher Tanev is hit by Seth Griffith and loses puck.
4:39 of 1st period - Snap shot by Gabriel Bourque.
4:39 of 1st period - Shot Misses the Net.
5:54 of 1st period - Cal Clutterbuck is hit by Ondrej Palat and loses puck.
6:02 of 1st period - Icing by Ryan Nugent-Hopkins.
6:03 of 1st period - Sean Couturier wins face-off versus Ryan Nugent-Hopkins in Golden Knights zone.
6:03 of 1st period - Sean Couturier is hit by Olli Maatta.
6:11 of 1st period - Wrist shot by Milan Lucic.
6:11 of 1st period - Shot Misses the Net.
8:31 of 1st period - Wrist shot by Ryan Nugent-Hopkins.
8:31 of 1st period - Deflect By Milan Lucic.
8:31 of 1st period - Stopped by Samuel Montembeault with a rebound.
8:37 of 1st period - Minor Penalty to Sean Couturier for Tripping.
8:38 of 1st period - Andrei Loktionov wins face-off versus Ryan Strome in Rangers zone.
8:49 of 1st period - Snap shot by Marcus Johansson.
8:49 of 1st period - Stopped by Samuel Montembeault without a rebound.
8:50 of 1st period - Ryan Strome wins face-off versus Andrei Loktionov in Rangers zone.
8:53 of 1st period - Slapshot by Zach Bogosian.
8:53 of 1st period - Shot Blocked by Ryan Strome.
8:55 of 1st period - Snap shot by Brendan Gallagher.
8:55 of 1st period - Stopped by Samuel Montembeault without a rebound.
8:56 of 1st period - Ryan Strome wins face-off versus Andrei Loktionov in Rangers zone.
9:19 of 1st period - Dmitry Kulikov is hit by Zach Bogosian.
10:12 of 1st period - Wrist shot by Henrik Samuelsson.
10:12 of 1st period - Shot Blocked by Jamie Oleksiak.
10:37 of 1st period - Penalty to Sean Couturier is over, Sean Couturier is back on ice.
10:59 of 1st period - Slapshot by Vince Dunn.
10:59 of 1st period - Deflect By Zach Hyman.
10:59 of 1st period - Stopped by Laurent Brossoit with a rebound.
11:40 of 1st period - Cal Clutterbuck is hit by Mikhail Sergachev and loses puck.
11:57 of 1st period - Slapshot by Ryan Strome.
11:57 of 1st period - Stopped by Laurent Brossoit with a rebound.
11:59 of 1st period - Slapshot by Ryan Strome.
11:59 of 1st period - Shot Blocked by Christopher Tanev.
12:09 of 1st period - Andrew Cogliano is hit by Seth Griffith and loses puck.
12:20 of 1st period - Milan Lucic is hit by Olli Maatta and loses puck.
12:25 of 1st period - Snap shot by Andrew Cogliano.
12:25 of 1st period - Stopped by Samuel Montembeault with a rebound.
12:27 of 1st period - Snap shot by Ryan Nugent-Hopkins.
12:27 of 1st period - Goal by Ryan Nugent-Hopkins - Rangers : 0 - Golden Knights : 1.
12:28 of 1st period - Andrei Loktionov wins face-off versus Tomas Hertl in neutral zone.
12:31 of 1st period - Dmitry Kulikov is hit by Brendan Gallagher and loses puck.
12:54 of 1st period - Milan Lucic is hit by Zach Hyman and loses puck.
13:05 of 1st period - Slapshot by Gabriel Bourque.
13:05 of 1st period - Shot Misses the Net.
13:15 of 1st period - Snap shot by Devante Smith-Pelly.
13:15 of 1st period - Stopped by Laurent Brossoit without a rebound.
13:16 of 1st period - Frederick Gaudreau wins face-off versus Devante Smith-Pelly in Golden Knights zone.
13:21 of 1st period - Snap shot by Brady Skjei.
13:21 of 1st period - Shot Blocked by Cale Makar.
13:23 of 1st period - Wrist shot by Andrei Loktionov.
13:23 of 1st period - Shot Misses the Net.
14:02 of 1st period - Minor Penalty to Jamie Oleksiak for Hooking.
14:03 of 1st period - Sean Couturier wins face-off versus Andrei Loktionov in Golden Knights zone.
14:41 of 1st period - Cal Clutterbuck is hit by Ondrej Palat and loses puck.
15:52 of 1st period - Samuel Blais is hit by Ryan Nugent-Hopkins and loses puck.
16:02 of 1st period - Penalty to Jamie Oleksiak is over, Jamie Oleksiak is back on ice.
16:05 of 1st period - Backhand shot by Chris Mcallister.
16:05 of 1st period - Stopped by Laurent Brossoit with a rebound.
16:07 of 1st period - Snap shot by Dmitry Kulikov.
16:07 of 1st period - Shot Hit the Post.
16:09 of 1st period - Snap shot by Chris Mcallister.
16:09 of 1st period - Stopped by Laurent Brossoit without a rebound.
16:10 of 1st period - Seth Griffith wins face-off versus Brandon Dubinsky in Golden Knights zone.
16:11 of 1st period - Snap shot by Chris Mcallister.
16:11 of 1st period - Stopped by Laurent Brossoit without a rebound.
16:12 of 1st period - Brandon Dubinsky wins face-off versus Seth Griffith in Golden Knights zone.
16:41 of 1st period - Snap shot by Chris Mcallister.
16:41 of 1st period - Shot Blocked by Gabriel Bourque.
16:43 of 1st period - Slapshot by Dmitry Kulikov.
16:43 of 1st period - Stopped by Laurent Brossoit without a rebound.
16:44 of 1st period - Andrei Loktionov wins face-off versus Sean Couturier in Golden Knights zone.
17:11 of 1st period - Tomas Hertl is hit by Cal Clutterbuck and loses puck.
17:18 of 1st period - Cal Clutterbuck is hit by Tomas Hertl and loses puck.
17:32 of 1st period - Jake McCabe is hit by Jamie Oleksiak and loses puck.
17:53 of 1st period - Samuel Blais is hit by Brendan Gallagher and loses puck.
18:02 of 1st period - Snap shot by Marcus Johansson.
18:02 of 1st period - Shot Blocked by Vince Dunn.
18:20 of 1st period - Wrist shot by Cal Clutterbuck.
18:20 of 1st period - Shot Misses the Net.
19:48 of 1st period - Snap shot by Samuel Blais.
19:48 of 1st period - Stopped by Laurent Brossoit without a rebound.
19:49 of 1st period - Sean Couturier wins face-off versus Ryan Nugent-Hopkins in Golden Knights zone.
19:50 of 1st period - Slapshot by Milan Lucic.
19:50 of 1st period - Stopped by Laurent Brossoit with a rebound.
Goals for this period are 0 for Rangers vs 1 for Golden Knights.
Shots for this period are 12 for Rangers vs 6 for Golden Knights.
2nd period
0:01 of 2nd period - Sean Couturier wins face-off versus Marcus Johansson in neutral zone.
0:04 of 2nd period - Slapshot by Cale Makar.
0:04 of 2nd period - Shot Misses the Net.
0:06 of 2nd period - Backhand shot by Ryan Strome.
0:06 of 2nd period - Stopped by Laurent Brossoit without a rebound.
0:07 of 2nd period - Sean Couturier wins face-off versus Andrei Loktionov in Golden Knights zone.
0:16 of 2nd period - Snap shot by Milan Lucic.
0:16 of 2nd period - Shot Misses the Net.
0:36 of 2nd period - Snap shot by Milan Lucic.
0:36 of 2nd period - Stopped by Laurent Brossoit with a rebound.
0:38 of 2nd period - Wrist shot by Milan Lucic.
0:38 of 2nd period - Shot Misses the Net.
0:40 of 2nd period - Snap shot by Sean Couturier.
0:40 of 2nd period - Shot Blocked by Brady Skjei.
1:18 of 2nd period - Cale Makar is hit by Andrei Loktionov and loses puck.
1:31 of 2nd period - Slapshot by Brendan Gallagher.
1:31 of 2nd period - Shot Misses the Net.
1:47 of 2nd period - Wrist shot by Sean Couturier.
1:47 of 2nd period - Stopped by Laurent Brossoit with a rebound.
1:49 of 2nd period - Slapshot by Cale Makar.
1:49 of 2nd period - Shot Blocked by Brady Skjei.
1:51 of 2nd period - Slapshot by Jake McCabe.
1:51 of 2nd period - Shot Blocked by Zach Bogosian.
1:53 of 2nd period - Slapshot by Jake McCabe.
1:53 of 2nd period - Stopped by Laurent Brossoit with a rebound.
1:55 of 2nd period - Slapshot by Sean Couturier.
1:55 of 2nd period - Stopped by Laurent Brossoit with a rebound.
2:00 of 2nd period - Minor Penalty to Brady Skjei for Diving.
2:01 of 2nd period - Tomas Hertl wins face-off versus Ryan Nugent-Hopkins in Golden Knights zone.
4:00 of 2nd period - Penalty to Brady Skjei is over, Brady Skjei is back on ice.
4:28 of 2nd period - Icing by Christopher Tanev.
4:29 of 2nd period - Tomas Hertl wins face-off versus Ryan Nugent-Hopkins in Golden Knights zone.
4:50 of 2nd period - Brandon Dubinsky is hit by Samuel Blais and loses puck.
5:38 of 2nd period - Snap shot by Andrei Loktionov.
5:38 of 2nd period - Shot Misses the Net.
5:56 of 2nd period - Snap shot by Gabriel Bourque.
5:56 of 2nd period - Shot Misses the Net.
5:58 of 2nd period - Snap shot by Gabriel Bourque.
5:58 of 2nd period - Shot Blocked by Cale Makar.
6:00 of 2nd period - Slapshot by Zach Bogosian.
6:00 of 2nd period - Stopped by Samuel Montembeault without a rebound.
6:01 of 2nd period - Andrei Loktionov wins face-off versus Sean Couturier in Rangers zone.
6:26 of 2nd period - Oliver Bjorkstrand is hit by Brandon Dubinsky and loses puck.
6:35 of 2nd period - Snap shot by Gabriel Bourque.
6:35 of 2nd period - Stopped by Samuel Montembeault without a rebound.
6:36 of 2nd period - Sean Couturier wins face-off versus Andrei Loktionov in Rangers zone.
7:55 of 2nd period - Frederick Gaudreau is hit by Samuel Blais and loses puck.
8:59 of 2nd period - Snap shot by Chris Mcallister.
8:59 of 2nd period - Shot Misses the Net.
9:11 of 2nd period - Henrik Samuelsson is hit by Andrew Cogliano and loses puck.
9:16 of 2nd period - Backhand shot by Ryan Nugent-Hopkins.
9:16 of 2nd period - Stopped by Samuel Montembeault with a rebound.
9:18 of 2nd period - Slapshot by Christopher Tanev.
9:18 of 2nd period - Stopped by Samuel Montembeault with a rebound.
10:07 of 2nd period - Off-side.
10:08 of 2nd period - Andrei Loktionov wins face-off versus Seth Griffith in neutral zone.
10:11 of 2nd period - Snap shot by Brendan Gallagher.
10:11 of 2nd period - Stopped by Samuel Montembeault without a rebound.
10:12 of 2nd period - Chris Mcallister wins face-off versus Andrei Loktionov in Rangers zone.
10:59 of 2nd period - Backhand shot by Cale Makar.
10:59 of 2nd period - Shot Misses the Net.
11:37 of 2nd period - Cal Clutterbuck is hit by Sean Couturier and loses puck.
12:35 of 2nd period - Henrik Samuelsson is hit by Olli Maatta and loses puck.
12:36 of 2nd period - Henrik Samuelsson from Rangers is injured at 12:36 of 2nd period (Bruised Right Arm).
12:37 of 2nd period - Sean Couturier wins face-off versus Andrei Loktionov in Rangers zone.
12:54 of 2nd period - Wrist shot by Milan Lucic.
12:54 of 2nd period - Shot Misses the Net.
13:26 of 2nd period - Off-side.
13:27 of 2nd period - Devante Smith-Pelly wins face-off versus Brandon Dubinsky in neutral zone.
14:11 of 2nd period - Minor Penalty to Andrei Loktionov for Tripping.
14:12 of 2nd period - Sean Couturier wins face-off versus Zach Hyman in Golden Knights zone.
14:27 of 2nd period - Slapshot by Cale Makar.
14:27 of 2nd period - Stopped by Laurent Brossoit with a rebound.
14:29 of 2nd period - Slapshot by Samuel Blais.
14:29 of 2nd period - Shot Blocked by Brady Skjei.
14:39 of 2nd period - Jake McCabe is hit by Brady Skjei.
14:43 of 2nd period - Slapshot by Cale Makar.
14:43 of 2nd period - Stopped by Laurent Brossoit without a rebound.
14:44 of 2nd period - Brandon Dubinsky wins face-off versus Sean Couturier in Golden Knights zone.
16:11 of 2nd period - Penalty to Andrei Loktionov is over, Andrei Loktionov is back on ice.
16:25 of 2nd period - Seth Griffith is hit by Zach Bogosian and loses puck.
17:14 of 2nd period - Andrei Loktionov is hit by Sean Couturier and loses puck.
19:23 of 2nd period - Anton Lindholm is hit by Jake McCabe and loses puck.
19:39 of 2nd period - Minor Penalty to Cal Clutterbuck for Hooking.
19:40 of 2nd period - Andrei Loktionov wins face-off versus Sean Couturier in Golden Knights zone.
Goals for this period are 0 for Rangers vs 0 for Golden Knights.
Shots for this period are 7 for Rangers vs 5 for Golden Knights.
3rd period
0:01 of 3rd period - Andrei Loktionov wins face-off versus Sean Couturier in neutral zone.
0:04 of 3rd period - Slapshot by Brady Skjei.
0:04 of 3rd period - Shot Misses the Net.
0:32 of 3rd period - Cale Makar is hit by Zach Hyman and loses puck.
0:39 of 3rd period - Zach Hyman is hit by Samuel Blais and loses puck.
1:39 of 3rd period - Penalty to Cal Clutterbuck is over, Cal Clutterbuck is back on ice.
2:34 of 3rd period - Snap shot by Andrew Cogliano.
2:34 of 3rd period - Shot Misses the Net.
2:36 of 3rd period - Slapshot by Christopher Tanev.
2:36 of 3rd period - Shot Misses the Net.
3:03 of 3rd period - Jake McCabe is hit by Andrei Loktionov.
3:13 of 3rd period - Slapshot by Zach Bogosian.
3:13 of 3rd period - Stopped by Samuel Montembeault with a rebound.
3:39 of 3rd period - Seth Griffith is hit by JT Compher.
3:53 of 3rd period - Wrist shot by Gabriel Bourque.
3:53 of 3rd period - Stopped by Samuel Montembeault with a rebound.
4:35 of 3rd period - Off-side.
4:36 of 3rd period - Tomas Hertl wins face-off versus Brandon Dubinsky in neutral zone.
4:45 of 3rd period - Slapshot by Zach Bogosian.
4:45 of 3rd period - Stopped by Samuel Montembeault without a rebound.
4:46 of 3rd period - Andrei Loktionov wins face-off versus Sean Couturier in Rangers zone.
6:33 of 3rd period - Wrist shot by Marcus Johansson.
6:33 of 3rd period - Stopped by Samuel Montembeault without a rebound.
6:34 of 3rd period - Richard Panik wins face-off versus Andrei Loktionov in Rangers zone.
6:34 of 3rd period - Richard Panik is hit by Brady Skjei.
6:46 of 3rd period - Wrist shot by Devante Smith-Pelly.
6:46 of 3rd period - Stopped by Laurent Brossoit without a rebound.
6:47 of 3rd period - Sean Couturier wins face-off versus Ryan Nugent-Hopkins in Golden Knights zone.
7:02 of 3rd period - Slapshot by Brady Skjei.
7:02 of 3rd period - Deflect By Andrew Cogliano.
7:02 of 3rd period - Shot Blocked by Ryan Strome.
7:02 of 3rd period - Puck is out of play.
7:03 of 3rd period - Tomas Hertl wins face-off versus Andrei Loktionov in Rangers zone.
7:03 of 3rd period - Tomas Hertl is hit by Marcus Johansson.
7:19 of 3rd period - Wrist shot by Brendan Gallagher.
7:19 of 3rd period - Deflect By Andrei Loktionov.
7:19 of 3rd period - Shot Blocked by Oliver Bjorkstrand.
7:19 of 3rd period - Puck is out of play.
7:20 of 3rd period - Ryan Nugent-Hopkins wins face-off versus Sean Couturier in Rangers zone.
7:21 of 3rd period - Slapshot by Zach Bogosian.
7:21 of 3rd period - Stopped by Samuel Montembeault without a rebound.
7:22 of 3rd period - Ryan Nugent-Hopkins wins face-off versus Sean Couturier in Rangers zone.
7:23 of 3rd period - Slapshot by Zach Bogosian.
7:23 of 3rd period - Shot Blocked by Jake McCabe.
7:25 of 3rd period - Backhand shot by Zach Bogosian.
7:25 of 3rd period - Stopped by Samuel Montembeault without a rebound.
7:26 of 3rd period - Sean Couturier wins face-off versus Ryan Nugent-Hopkins in Rangers zone.
7:31 of 3rd period - Slapshot by Zach Bogosian.
7:31 of 3rd period - Shot Misses the Net.
7:43 of 3rd period - Wrist shot by Zach Bogosian.
7:43 of 3rd period - Shot Misses the Net.
7:49 of 3rd period - Minor Penalty to Jake McCabe for Hooking.
7:50 of 3rd period - Andrei Loktionov wins face-off versus Sean Couturier in Rangers zone.
7:55 of 3rd period - Snap shot by Brendan Gallagher.
7:55 of 3rd period - Shot Blocked by Dmitry Kulikov.
7:57 of 3rd period - Wrist shot by Andrei Loktionov.
7:57 of 3rd period - Shot Misses the Net.
7:59 of 3rd period - Wrist shot by Marcus Johansson.
7:59 of 3rd period - Stopped by Samuel Montembeault with a rebound.
8:01 of 3rd period - Snap shot by Andrei Loktionov.
8:01 of 3rd period - Goal by Andrei Loktionov - Rangers : 0 - Golden Knights : 2.
8:02 of 3rd period - Ryan Strome wins face-off versus Andrei Loktionov in neutral zone.
8:17 of 3rd period - Wrist shot by Sean Couturier.
8:17 of 3rd period - Shot Misses the Net.
8:31 of 3rd period - Snap shot by Cale Makar.
8:31 of 3rd period - Deflect By Samuel Blais.
8:31 of 3rd period - Shot Blocked by Brady Skjei.
8:31 of 3rd period - Puck is out of play.
8:32 of 3rd period - Ryan Nugent-Hopkins wins face-off versus Richard Panik in Golden Knights zone.
8:32 of 3rd period - Ryan Nugent-Hopkins is hit by Vince Dunn.
8:58 of 3rd period - Vince Dunn is hit by Olli Maatta and loses puck.
9:05 of 3rd period - Snap shot by Brandon Dubinsky.
9:05 of 3rd period - Shot Blocked by Jake McCabe.
9:07 of 3rd period - Backhand shot by Brandon Dubinsky.
9:07 of 3rd period - Deflect By Zach Hyman.
9:07 of 3rd period - Stopped by Samuel Montembeault without a rebound.
9:08 of 3rd period - Andrei Loktionov wins face-off versus Tomas Hertl in Rangers zone.
9:21 of 3rd period - Snap shot by Ondrej Palat.
9:21 of 3rd period - Shot Misses the Net.
9:23 of 3rd period - Slapshot by Cale Makar.
9:23 of 3rd period - Stopped by Laurent Brossoit with a rebound.
9:25 of 3rd period - Snap shot by Oliver Bjorkstrand.
9:25 of 3rd period - Shot Misses the Net.
10:21 of 3rd period - Andrew Cogliano is hit by Milan Lucic and loses puck.
10:38 of 3rd period - Wrist shot by Zach Bogosian.
10:38 of 3rd period - Deflect By Brandon Dubinsky.
10:38 of 3rd period - Stopped by Samuel Montembeault with a rebound.
10:44 of 3rd period - Snap shot by Brady Skjei.
10:44 of 3rd period - Shot Misses the Net.
10:46 of 3rd period - Snap shot by Brandon Dubinsky.
10:46 of 3rd period - Shot Blocked by Vince Dunn.
11:08 of 3rd period - Wrist shot by Vince Dunn.
11:08 of 3rd period - Shot Blocked by Jamie Oleksiak.
11:10 of 3rd period - Slapshot by Vince Dunn.
11:10 of 3rd period - Shot Blocked by Brandon Dubinsky.
11:12 of 3rd period - Wrist shot by Samuel Blais.
11:12 of 3rd period - Stopped by Laurent Brossoit with a rebound.
11:40 of 3rd period - Slapshot by JT Compher.
11:40 of 3rd period - Stopped by Samuel Montembeault with a rebound.
11:42 of 3rd period - Snap shot by Jonathan Marchessault.
11:42 of 3rd period - Shot Misses the Net.
11:44 of 3rd period - Slapshot by Anton Lindholm.
11:44 of 3rd period - Deflect By JT Compher.
11:44 of 3rd period - Shot Blocked by Dmitry Kulikov.
11:44 of 3rd period - Puck is out of play.
11:45 of 3rd period - Frederick Gaudreau wins face-off versus Tomas Hertl in Rangers zone.
11:46 of 3rd period - Slapshot by JT Compher.
11:46 of 3rd period - Stopped by Samuel Montembeault with a rebound.
11:48 of 3rd period - Wrist shot by JT Compher.
11:48 of 3rd period - Shot Misses the Net.
11:52 of 3rd period - Backhand shot by JT Compher.
11:52 of 3rd period - Shot Blocked by Jake McCabe.
11:54 of 3rd period - Slapshot by Anton Lindholm.
11:54 of 3rd period - Shot Misses the Net.
11:56 of 3rd period - Snap shot by Frederick Gaudreau.
11:56 of 3rd period - Goal by Frederick Gaudreau - Rangers : 0 - Golden Knights : 3.
11:57 of 3rd period - Ryan Strome wins face-off versus Andrei Loktionov in neutral zone.
12:04 of 3rd period - Marcus Johansson is hit by Jake McCabe and loses puck.
13:08 of 3rd period - Wrist shot by Seth Griffith.
13:08 of 3rd period - Stopped by Laurent Brossoit with a rebound.
14:45 of 3rd period - Wrist shot by Zach Bogosian.
14:45 of 3rd period - Shot Blocked by Oliver Bjorkstrand.
15:03 of 3rd period - Wrist shot by JT Compher.
15:03 of 3rd period - Shot Misses the Net.
15:13 of 3rd period - Slapshot by Brady Skjei.
15:13 of 3rd period - Shot Blocked by Patrik Nemeth.
15:25 of 3rd period - Wrist shot by Dmitry Kulikov.
15:25 of 3rd period - Goal by Dmitry Kulikov - Rangers : 1 - Golden Knights : 3.
15:26 of 3rd period - Sean Couturier wins face-off versus Brandon Dubinsky in neutral zone.
16:18 of 3rd period - Andrew Cogliano is hit by Sean Couturier and loses puck.
17:03 of 3rd period - Icing by Sean Couturier.
17:04 of 3rd period - Brandon Dubinsky wins face-off versus Sean Couturier in Rangers zone.
18:11 of 3rd period - Snap shot by Jamie Oleksiak.
18:11 of 3rd period - Shot Blocked by Devante Smith-Pelly.
19:21 of 3rd period - Brady Skjei is hit by Richard Panik and loses puck.
Goals for this period are 1 for Rangers vs 2 for Golden Knights.
Shots for this period are 5 for Rangers vs 13 for Golden Knights.